 Dungeon Crawl Stone Soup version 0.28-a0-1080-g05a166d0ed (webtiles) character file.

Game seed: 8366136177738673550

32 ytrimaz the Insei (level 3, 0/23 HPs)
             Began as an Octopode Transmuter on Dec 9, 2021.
             Frozen to death by an endoplasm (3 damage)
             ... on level 1 of the Dungeon.
             The game lasted 00:01:08 (1248 turns).

ytrimaz the Insei (Octopode Transmuter)             Turns: 1248, Time: 00:01:09

Health: 0/23       AC:  1    Str:  9    XL:     3   Next: 27%
Magic:  6/6        EV: 13    Int: 17    God:
Gold:   46         SH:  0    Dex: 12    Spells: 2/6 levels left

rFire   . . .      SeeInvis .     - Unarmed
rCold   . . .      Faith    .   (no shield)
rNeg    . . .      Spirit   .   (helmet restricted)
rPois   .          Reflect  .   (no amulet)
rElec   .          Harm     .   (no ring)
rCorr   .          Rampage  .   (no ring)
Will    .....                   (no ring)
Stlth   ++........              (no ring)
HPRegen 0.07/turn               (no ring)
MPRegen 0.10/turn               (no ring)
                                (no ring)
                                (no ring)

@: no status effects
A: almost no armour, amphibious, 8 rings, camouflage 1, gelatinous body 1,
(nimble swimmer 1), tentacles
a: no special abilities


You were on level 1 of the Dungeon.
You visited 1 branch of the dungeon, and saw 1 of its levels.

You collected 46 gold pieces.

Inventory:

Scrolls
 b - a scroll of noise


   Skills:
 * Level 1.4 Fighting
 - Level 2.0 Dodging
 + Level 3.5 Unarmed Combat
 * Level 2.3 Spellcasting
 * Level 2.4 Transmutations


You had 2 spell levels left.
You knew the following spells:

 Your Spells              Type           Power      Damage    Failure   Level
a - Beastly Appendage     Tmut           20%        N/A       7%          1
b - Spider Form           Tmut/Pois      6%         N/A       34%         3

Your spell library contained the following spells:

 Spells                   Type           Power      Damage    Failure   Level
 Wereblood                Tmut           10%        N/A       11%         2
 Ice Form                 Ice/Tmut       6%         N/A       75%         4


Dungeon Overview and Level Annotations

Branches:
Dungeon (1/15)

Altars:


Innate Abilities, Weirdness & Mutations

You cannot wear most types of armour.
You are amphibious.
You can wear up to eight rings at the same time.
Your skin changes colour to match your surroundings (Stealth+).
Your rubbery body absorbs attacks. (AC +1, EV +1)
((You are camouflaged near water. (Stealth+)))
You have tentacles for arms and can constrict up to eight enemies at once.


Message History

A frilled lizard comes into view.
The ball python bites you.
* * * LOW HITPOINT WARNING * * *
The ball python completely misses you.
Unknown command.
An endoplasm comes into view.
The ball python bites you but does no damage.
The ball python completely misses you.
The kobold throws a stone.
The stone closely misses you.
Your tentacle spike disappears.
The ball python bites you but does no damage.
The ball python grabs you. The ball python constricts you.
* * * LOW HITPOINT WARNING * * *
It was a potion of curing.
You feel better. The ball python barely misses you.
The ball python constricts you. The ball python bites you.
The ball python constricts you.
You tentacle-slap the ball python.
You kill the ball python!
The kobold closely misses you.
You see here a ball python corpse.
Unknown command.
You tentacle-slap the kobold. You grab the kobold.
The kobold is moderately wounded.
You constrict the kobold, but do no damage.
The kobold hits you with a +0 dagger. The frilled lizard bites you.
You tentacle-slap the kobold.
You kill the kobold!
The endoplasm closely misses you. The frilled lizard barely misses you.
You miss the frilled lizard. Your grab misses the frilled lizard.
The endoplasm misses you. The frilled lizard bites you.
You completely miss the frilled lizard. Your grab misses the frilled lizard.
The endoplasm freezes you.
You are frozen.
* * * LOW HITPOINT WARNING * * *
Unknown command.
You tentacle-slap the endoplasm but do no damage.
The frilled lizard misses you. The endoplasm freezes you.
You are frozen.
You die...

.## ### ### ..##
##.## ##.## ...#
#...# #...# ...#
##...###lJ.##...# #
#####).#..#)@#..#..##
#
#...#.###.#.###K#...#
# #.#...# #...#
#†....# # ##.#..##
##.## ##....#
####..##.# #.#
#.l...# ##......##
### ##J......
......### ....###
######## ....# # ..#
....#


You could see an endoplasm and a frilled lizard.

Vanquished Creatures
  A dart slug (D:1)
  3 ball pythons (D:1)
  4 bats (D:1)
  An endoplasm (D:1)
  3 giant cockroaches (D:1)
  2 goblins (D:1)
  5 hobgoblins (D:1)
  3 kobolds (D:1)
  5 rats (D:1)
27 creatures vanquished.

Notes
Turn   | Place    | Note
-------+----------+-------------------------------------------
     0 | D:1      | ytrimaz the Octopode Transmuter began the quest for the
                  | Orb.
     0 | D:1      | Reached XP level 1. HP: 13/13 MP: 3/3
   161 | D:1      | Reached XP level 2. HP: 18/18 MP: 3/5
   670 | D:1      | Reached XP level 3. HP: 5/23 MP: 4/6
   674 | D:1      | Learned a level 3 spell: Spider Form
  1248 | D:1      | Frozen to death by an endoplasm

Illustrated notes

Levels and vault maps discovered:
D:1:      minmay_arrival_glassed_features, layout_rooms, serial_curves,
          eino_curves_01, eino_curves_03, eino_curves_04, eino_curves_02,
          hangedman_abyss_or_decor_stabs

Action                   || total
-------------------------++-------
Melee: Unarmed           ||    62
       Constrict         ||    13
       Tentacles         ||    10
       Kick              ||     5
 Cast: Beastly Appendage ||    11
  Use: Scroll            ||     7
       Potion            ||     1
 Stab: Sleeping          ||     2
Armor: Skin              ||     9
Dodge: Dodged            ||    44

Table legend: (Time is in decaauts)
 A = Elapsed time spent in this place.
 B = Non-inter-level travel time spent in this place.
 C = Inter-level travel time spent in this place.
 D = Time resting spent in this place.
 E = Time spent auto-exploring this place.
 F = Levels seen in this place.
 G = Mean time per level.
                   A        B        C        D        E       F      G
               +--------+--------+--------+--------+--------+-----+--------+
         Total |   1244 |   1244 |      0 |    106 |    959 |   1 | 1244.0 |
       Dungeon |   1244 |   1244 |      0 |    106 |    959 |   1 | 1244.0 |
               +--------+--------+--------+--------+--------+-----+--------+

Top non-repeatable levels by time:
     D:1: 1244 daAuts
